 Dungeon Crawl Stone Soup version 0.32-a0-871-ge202e49faa (webtiles) character file.

Game seed: 496264061257861632

62 redkitty the Gusty (level 4, -7/34 HPs)
             Began as a Gnoll Wanderer on Mar 29, 2024.
             Killed from afar by Terence (9 damage)
             ... with a puff of flame
             ... on level 2 of the Dungeon.
             The game lasted 00:02:51 (1886 turns).

redkitty the Gusty (Gnoll Wanderer)                 Turns: 1886, Time: 00:02:52

Health: -7/34      AC:  4    Str: 11    XL:     4   Next: 8%
Magic:  3/8        EV: 10    Int: 12    God:
Gold:   85         SH:  0    Dex: 13    Spells: 7/8 levels left

rFire   . . .        a - +0 quarterstaff
rCold   . . .        (shield currently unavailable)
rNeg    . . .        e - +0 robe
rPois   .            g - +0 hat
rElec   .            (no cloak)
rCorr   .            i - +1 pair of gloves {Stlth+}
SInv    .            (no boots)
Will    .....        (no amulet)
Stlth   +++          (no ring)
HPRegen 0.25/turn    (no ring)
MPRegen 0.11/turn

%: no passive effects
@: very slightly contaminated
A: fangs 1, strong nose, distributed training
a: no special abilities


You were on level 2 of the Dungeon.
You visited 1 branch of the dungeon, and saw 2 of its levels.

You collected 85 gold pieces.

Inventory:

Hand Weapons
 a - a +0 quarterstaff (weapon)
 c - a +0 dagger
Missiles
 b - 8 poisoned darts
Armour
 e - a +0 robe (worn)
 g - a +0 hat (worn)
 i - a +1 pair of gloves of stealth (worn)
Jewellery
 p - a ring of ice
Scrolls
 h - a scroll of silence {unknown}
 j - 4 scrolls of vulnerability {unknown}
 l - 2 scrolls of poison {unknown}
 m - a scroll of fog {unknown}
 o - a scroll of identify {unknown}
Potions
 d - a potion of curing
 f - 2 potions of lignification {unknown}
 k - a potion of ambrosia {unknown}
 n - a potion of berserk rage {unknown}


   Skills:
 + Level 2.7 Fighting
 + Level 1.0 Short Blades
 + Level 1.0 Long Blades
 + Level 1.0 Axes
 + Level 1.0 Maces & Flails
 + Level 1.0 Polearms
 + Level 4.6 Staves
 + Level 1.0 Ranged Weapons
 + Level 4.6 Throwing
 + Level 1.0 Armour
 + Level 1.0 Dodging
 + Level 1.0 Stealth
 + Level 1.0 Shields
 + Level 1.0 Unarmed Combat
 + Level 2.9 Spellcasting
 + Level 0.8 Conjurations
 + Level 0.8 Hexes
 + Level 0.8 Summonings
 + Level 0.8 Necromancy
 + Level 0.8 Translocations
 + Level 0.8 Fire Magic
 + Level 0.8 Ice Magic
 + Level 7.1 Air Magic
 + Level 0.8 Earth Magic
 + Level 0.8 Alchemy
 + Level 1.1 Invocations
 + Level 1.0 Evocations
 + Level 1.0 Shapeshifting


You had 7 spell levels left.
You knew the following spells:

 Your Spells              Type           Power      Damage    Failure   Level
a - Shock                 Conj/Air       44%        1d5       4%          1

Your spell library contained the following spells:

 Spells                   Type           Power      Damage    Failure   Level
 Cigotuvi's Dreadful Rot  Necr/Alch/Air  16%        N/A       12%         2
 Summon Lightning Spire   Summ/Air       11%        N/A       43%         4


Dungeon Overview and Level Annotations

Branches:
Dungeon (2/15)

Altars:

Annotations:
D:2 Terence


Innate Abilities, Weirdness & Mutations

You have very sharp teeth.
Your uncanny sense of smell can sniff out nearby items.
Your experience applies equally to all skills.


Message History

The ribbon worm bites you!
You hit the ribbon worm.
The ribbon worm is almost dead.
The ribbon worm barely misses you.
You hit the ribbon worm.
The ribbon worm is almost dead.
The ribbon worm expels a string of sticky webbing.
The stream of webbing hits you but does no damage.
You are caught in a web!
You struggle to detach yourself from the web.
You struggle to detach yourself from the web.
The ribbon worm barely misses you.
The web tears apart.
The ribbon worm bites you.
You thump the ribbon worm!
You kill the ribbon worm!
Terence the Incautious comes into view.
He is wielding a +0 mace and carrying a wand of flame.
Terence is nearby!
Terence is nearby!
Terence is nearby!
You miscast Shock.
You are very lightly contaminated with residual magic.
Nothing appears to happen.
Terence shouts!
The zap misses Terence.
Terence zaps a wand.
The puff of flame hits you.
The zap hits Terence.
Terence is lightly wounded.
The zap hits Terence.
Terence is moderately wounded.
Terence zaps a wand.
The puff of flame hits you!
The zap hits Terence.
Terence is heavily wounded.
Terence zaps a wand.
The puff of flame hits you!
* * * LOW HITPOINT WARNING * * *
You are too injured to fight recklessly!
You are too injured to fight recklessly!
Terence zaps a wand.
The puff of flame hits you!
* * * LOW HITPOINT WARNING * * *
Terence zaps a wand.
The puff of flame hits you!
You die...
Terence says, "That felt goooood."

.....................##.#
##########........#####.#
#........# #.# #........#
#.# #.##>###.# #.# #.##.#
#.#####.# #.# .#
#.......#
#.##.###..######
#.....@@..#
####.####........
######### ∆


You could see Terence.

Vanquished Creatures
  An adder (D:2)
  A dart slug (D:2)
  A ribbon worm (D:2)
  5 endoplasms
  3 giant cockroaches
  5 goblins
  2 hobgoblins (D:1)
  7 jackals
  A quokka (D:2)
  2 ball pythons (D:1)
  2 bats
  2 frilled lizards
  9 kobolds
  3 rats
44 creatures vanquished.

Notes
Turn   | Place    | Note
-------+----------+-------------------------------------------
     0 | D:1      | redkitty the Gnoll Wanderer began the quest for the Orb.
     0 | D:1      | redkitty set off with the following items: a +0
                  | quarterstaff, 8 poisoned darts, a +0 dagger, a potion of
                  | curing, a +0 robe; and the following spell memorised:
                  | Shock; and the following spells available to memorise:
                  | Cigotuvi's Dreadful Rot, Summon Lightning Spire.
     0 | D:1      | Reached XP level 1. HP: 17/17 MP: 4/4
   193 | D:1      | Reached XP level 2. HP: 23/23 MP: 2/5
   837 | D:1      | Reached XP level 3. HP: 28/28 MP: 2/7
   932 | D:2      | Found a faded altar of an unknown god.
  1048 | D:2      | Reached skill level 1 in Invocations
  1525 | D:2      | Reached skill level 1 in Short Blades
  1525 | D:2      | Reached skill level 1 in Long Blades
  1525 | D:2      | Reached skill level 1 in Axes
  1525 | D:2      | Reached skill level 1 in Maces & Flails
  1525 | D:2      | Reached skill level 1 in Polearms
  1525 | D:2      | Reached skill level 1 in Ranged Weapons
  1525 | D:2      | Reached skill level 1 in Armour
  1525 | D:2      | Reached skill level 1 in Dodging
  1525 | D:2      | Reached skill level 1 in Stealth
  1525 | D:2      | Reached skill level 1 in Shields
  1525 | D:2      | Reached skill level 1 in Unarmed Combat
  1525 | D:2      | Reached skill level 1 in Evocations
  1603 | D:2      | Reached skill level 1 in Shapeshifting
  1603 | D:2      | Reached XP level 4. HP: 34/34 MP: 5/8
  1879 | D:2      | Noticed Terence
  1885 | D:2      | HP: 1/34 [Terence/puff of flame (9)]
  1886 | D:2      | Killed from afar by Terence

Illustrated notes

Levels and vault maps discovered:
D:1:      dpeg_arrival_tiny_i, layout_loops_ring
D:2:      layout_loops_ring, nicolae_ecumenical_pavilion,
          minmay_stone_trees_small, uniq_terence

Skill      XL: |  1  2  3 |
---------------+----------+-----
Invocations    | 1 |  1.1
Short Blades   | 1 |  1.0
Long Blades    | 1 |  1.0
Axes           | 1 |  1.0
Maces & Flails | 1 |  1.0
Polearms       | 1 |  1.0
Ranged Weapons | 1 |  1.0
Armour         | 1 |  1.0
Dodging        | 1 |  1.0
Stealth        | 1 |  1.0
Shields        | 1 |  1.0
Unarmed Combat | 1 |  1.0
Evocations     | 1 |  1.0
Shapeshifting  | 1 |  1.0
Fighting       | |  2.7
Staves         | |  4.6
Throwing       | |  4.6
Spellcasting   | |  2.9
Conjurations   | |  0.8
Hexes          | |  0.8
Summonings     | |  0.8
Necromancy     | |  0.8
Translocations | |  0.8
Fire Magic     | |  0.8
Ice Magic      | |  0.8
Air Magic      | |  7.1
Earth Magic    | |  0.8
Alchemy        | |  0.8

Action                     |  1- 3 |  4- 6 || total
---------------------------+-------+-------++-------
  Melee: Quarterstaff      |    22 |     4 ||    26
         Bite              |     1 |       ||     1
   Cast: Shock             |    75 |    16 ||    91
 Armour: Robe              |    25 |     9 ||    34
  Dodge: Dodged            |    26 |     5 ||    31

Table legend: (Time is in decaauts)
 A = Elapsed time spent in this place.
 B = Non-inter-level travel time spent in this place.
 C = Inter-level travel time spent in this place.
 D = Time resting spent in this place.
 E = Time spent auto-exploring this place.
 F = Levels seen in this place.
 G = Mean time per level.
                   A        B        C        D        E       F      G
               +--------+--------+--------+--------+--------+-----+--------+
         Total |   1888 |   1877 |     11 |     34 |   1625 |   2 |  944.0 |
       Dungeon |   1888 |   1877 |     11 |     34 |   1625 |   2 |  944.0 |
               +--------+--------+--------+--------+--------+-----+--------+

Top non-repeatable levels by time:
     D:1: 978 daAuts
     D:2: 910 daAuts
